 Dungeon Crawl Stone Soup version 0.30.0-15-g856e2d3f33 (webtiles) character file.

Game seed: 8409172747937499838

82245 thromnambular the Nimble (level 15, 0/79 HPs)
             Began as a Spriggan Earth Elementalist on May 18, 2023.
             Was the Champion of Makhleb.
             Killed from afar by an eleionoma (43 damage)
             ... with a spray of wooden splinters
             ... on level 2 of the Swamp on May 19, 2023.
             The game lasted 02:15:06 (35068 turns).

thromnambular the Nimble (SpEE)                    Turns: 35068, Time: 02:15:08

Health: 0/79       AC:  8    Str:  3    XL:     15   Next: 29%
Magic:  5/32       EV: 27    Int: 22    God:    Makhleb [******]
Gold:   2457       SH: 12    Dex: 18    Spells: 0/38 levels left

rFire   . . .        L - +3 quick blade (vamp)
rCold   . . .        J - +1 buckler
rNeg    + + .        y - +2 robe {rN+}
rPois   +            E - +1 hat {Stlth+}
rElec   .            o - +2 ratskin cloak {*Rats rPois rN+ Str-1 Int-1 Dex+1}
rCorr   .            (gloves unavailable)
SInv    +            (boots unavailable)
Will    ++...        P - amulet of reflection
Stlth   +++++++      A - +4 ring of protection
HPRegen 0.33/turn    O - ring of wizardry
MPRegen 0.23/turn

%: reflection, wizardry (x1)
@: corroded, very quick
A: very small, no large weapons, unfitting armour, see invisible, speed 3
a: Renounce Religion, Minor Destruction, Lesser Servant of Makhleb, Major
Destruction, Greater Servant of Makhleb


You were on level 2 of the Swamp.
You worshipped Makhleb.
Makhleb was exalted by your worship.
You visited 4 branches of the dungeon, and saw 24 of its levels.
You visited 1 bazaar.
You also visited: Bailey.

You collected 3757 gold pieces.
You spent 1300 gold pieces at shops.

Inventory:

Hand Weapons
 L - a +3 vampiric quick blade (weapon)
 Z - the +9 staff of Olgreb {rPois∞}
   (You found it on level 1 of the Swamp)

   It enhances your poison magic.
   It grants immunity to poison.
   It can be activated via the 'a'bility menu to radiate toxic energy, with
   effectiveness depending on Evocations skill.
Missiles
 R - 2 throwing nets
Armour
 o - the +2 ratskin cloak (worn) {*Rats rPois rN+ Str-1 Int-1 Dex+1}
   (You found it on level 7 of the Dungeon)

   *Rats:     When the wearer is hurt, rats may emerge from it to assist them.
   Str:       It affects your strength (-1).
   Int:       It affects your intelligence (-1).
   Dex:       It affects your dexterity (+1).
   rPois:     It protects you from poison.
   rN:        It protects you from negative energy.
 y - a +2 robe of positive energy (worn)
 E - a +1 hat of stealth (worn)
 J - a +1 buckler (worn)
Magical Staves
 D - a staff of air
Jewellery
 c - a ring of willpower
 d - a ring of protection from cold
 k - a +6 ring of strength
 s - an amulet of the acrobat
 u - the ring of Icat {rCorr Str+4}
   (You bought it in a shop on level 2 of the Orcish Mines)

   [ring of resist corrosion]

   Str:       It affects your strength (+4).
   rCorr:     It protects you from acid and corrosion.
 A - a +4 ring of protection (left hand)
 K - a ring of magical power
 O - a ring of wizardry (right hand)
 P - an amulet of reflection (around neck)
 V - a ring of poison resistance
Wands
 a - a wand of light (2)
 h - a wand of mindburst (9)
 i - a wand of digging (5)
 m - a wand of polymorph (11)
 H - a wand of paralysis (11)
 I - a wand of flame (23)
 X - a wand of iceblast (8)
Scrolls
 l - 6 scrolls of silence
 n - 2 scrolls of teleportation
 r - a scroll of noise
 t - a scroll of magic mapping
 B - 7 scrolls of fog
 F - 2 scrolls of butterflies
 N - 10 scrolls of identify
 S - a scroll of blinking
 U - 2 scrolls of fear
 W - a scroll of poison
Potions
 b - 5 potions of magic
 e - 5 potions of brilliance
 f - a potion of ambrosia
 g - a potion of berserk rage
 j - 3 potions of mutation
 p - 3 potions of lignification
 q - 2 potions of might
 v - 4 potions of heal wounds
 w - 5 potions of haste
 x - 11 potions of curing
 z - 4 potions of resistance
 C - 4 potions of attraction
Miscellaneous
 G - a phial of floods
 T - a phantom mirror


   Skills:
 - Level 9.1 Fighting
 - Level 10.7 Short Blades
 - Level 1.0 Armour
 - Level 14.8 Dodging
 - Level 13.3 Stealth
 - Level 8.0 Shields
 - Level 12.1 Spellcasting
 + Level 4.0 Conjurations
 - Level 1.1 Necromancy
 - Level 9.7 Transmutations
 - Level 3.3 Air Magic
 - Level 7.3 Earth Magic
 - Level 3.1 Poison Magic
 + Level 1.3 Invocations


You couldn't memorise any spells.
You knew the following spells:

 Your Spells              Type           Power      Damage    Failure   Level
a - Sandblast             Erth           90%        2d19      1%          1
b - Passwall              Tmut/Erth      41%        N/A       1%          2
c - Stone Arrow           Conj/Erth      76%        3d11      1%          3
d - Petrify               Tmut/Erth      50%        N/A       1%          4
e - Olgreb's Toxic Radia  Pois           27%        N/A       9%          4
f - Blink                 Tloc           26%        N/A       5%          2
g - Storm Form            Tmut/Air       21%        N/A       86%         7
h - Statue Form           Tmut/Erth      33%        N/A       16%         6
i - Vampiric Draining     Necr           18%        2d7       6%          3
j - Iron Shot             Conj/Erth      19%        9d4       43%         6

Your spell library contained the following spells:

 Spells                   Type           Power      Damage    Failure   Level
 Blade Hands              Tmut           27%        N/A       1%          5
 Necrotise                Necr           72%        1d7       2%          1
 Hailstorm                Conj/Ice       22%        3d7       4%          3
 Ice Form                 Ice/Tmut       34%        N/A       4%          4
 Animate Armour           Summ/Erth      58%        N/A       8%          4
 Manifold Assault         Tloc           13%        N/A       32%         4
 Summon Ice Beast         Ice/Summ       13%        N/A       32%         4
 Agony                    Necr           18%        N/A       50%         5
 Metabolic Englaciation   Hex/Ice        6%         N/A       65%         5
 Summon Mana Viper        Hex/Summ       13%        N/A       65%         5
 Simulacrum               Ice/Necr       7%         N/A       98%         6
 Monstrous Menagerie      Summ           6%         N/A       100%        7
 Discord                  Hex            6%         N/A       100%        8
 Ignition                 Fire           6%         3d4       100%        8


Dungeon Overview and Level Annotations

Branches:
Dungeon (15/15)            Temple (0/1) D:4            Lair (5/5) D:9
  Swamp (2/4) Lair:2        Snake (0/4) Lair:2        Slime (0/5) Lair:4
    Orc (2/2) D:12            Elf (0/3) Orc:2        Vaults (0/5) D:14
 Depths (0/4) D:15         Bailey (visited)

Altars:
Cheibriados
Dithmenos
Fedhas
Makhleb
Trog
Uskayaw
Vehumet
Xom
Yredelemnul
Jiyva

Shops:
D:8 (   Orc:2 ==[(

Portals:
Hell: Lair:5

Annotations:
D:4 3 runed translucent doors, Fractals's ghost, amateur DrBr
D:5 2 runed translucent doors, slitherrr's ghost, novice NaRe
D:9 exclusion: door
D:12 Azrael
Lair:1 exclusion: door
Lair:2 1 exclusion
Lair:3 exclusion: oklob plant
Lair:4 1 runed translucent door


Innate Abilities, Weirdness & Mutations

You are very small and have problems with some larger weapons.
You are too small for most types of armour.
You have supernaturally acute eyesight. (SInv)
You cover ground extremely quickly. (Speed+++)


Message History

A goliath frog is nearby!
Okay, then.
Casting: Stone Arrow (safe; 1% risk of failure)
Confirm with . or Enter, or press ? or * to list all spells.
Aiming: Petrify (dangerous; 1% risk of failure)
Press: ? - help, Shift-Dir - straight line, f - goliath frog
Aim: a goliath frog (chance to affect: 37%)
The goliath frog is moving more slowly.
The goliath frog completely misses you.
The eleionoma hurls a spray of splinters at you.
The spray of wooden splinters hits you!!
A hell rat scurries out from under your cloak.
You hit the eleionoma.
The eleionoma is lightly wounded.
You hit the eleionoma.
You feel better.
The eleionoma is lightly wounded.
Your hell rat closely misses the eleionoma.
You hit the eleionoma but do no damage.
The eleionoma is lightly wounded.
You block the eleionoma's attack.
You hit the eleionoma.
You feel better.
The eleionoma is lightly wounded.
The goliath frog hits you from afar. The acid corrodes you!
You are splashed with acid.
You hit the eleionoma.
The eleionoma is lightly wounded.
Your hell rat bites the eleionoma.
The eleionoma hits you but does no damage.
You hit the eleionoma but do no damage.
The eleionoma is lightly wounded.
The goliath frog closely misses you.
You hit the eleionoma.
The eleionoma is lightly wounded.
Your hell rat bites the eleionoma!
You hit the eleionoma but do no damage.
The eleionoma is moderately wounded.
The goliath frog stops moving altogether!
The eleionoma hurls a spray of splinters at you.
The spray of wooden splinters hits you!!!
Ouch! That really hurt!
You die...

~~~§..≈≈≈≈≈≈♣♣♣♣.~~~♣
~~~
.~♣≈≈≈≈≈♣†♣.~~~.♣♣ ~~
~♣.~♣≈≈≈♣....~~~.~♣
.♣♣♣♣≈♣~~~.♣.....♣♣
♣♣ ♣♣.~~~.~♣.....♣ ~♣
♣~~~.~♣♣ ~~~.♣ ~♣
♣♣.~..r♣ ~~~~♣♣ ~♣
♣~..♣FR##~..... ...
...♣.(~.#@...~~~. ~~~
~~~(♣....#.......~
~~~ ~~~
♣....#....~~.. ... ~
.~R~..#...♣...# ~.
~~~..~.#........ ~
♣♣♣.....########
♣♣.... ~~~.. ~ .~~~.
..


You could see an eleionoma (ally target), a goliath frog (petrified) and a
friendly hell rat.

Vanquished Creatures
  Gastronok (D:10)
  Louise (D:15)
  A stone giant (D:15)
  An eleionoma (Swamp:2)
  2 bunyips
  Josephine (D:15)
  6 hydras
  A vault guard (D:14)
  An anaconda (Lair:1)
  2 catoblepae
  3 centaur warriors
  A boulder beetle (Lair:5)
  5 death yaks (Lair:3)
  3 two-headed ogres
  An alligator (Swamp:1)
  A sun demon (Lair:5)
  Amaemon (D:11)
  A fire crab (Lair:1)
  3 skeletal warriors (D:15)
  A skyshark (Lair:5)
  3 goliath frogs
  A swamp dragon (Swamp:2)
  2 wizards
  Pikel (D:7)
  A harpy (shapeshifter) (D:14)
  4 orc knights (Orc:2)
  5 manticores
  2 cyclopes (D:13)
  12 ugly things
  A salamander (Lair:2)
  9 elephants
  12 cane toads
  3 gargoyles
  Joseph (D:8)
  5 black mambas
  4 orange demons
  Psyche (D:7)
  7 komodo dragons
  A kobold demonologist (D:14)
  A tengu conjurer (D:14)
  5 rime drakes
  4 ice devils (Lair:5)
  6 trolls
  2 red devils (Lair:5)
  A hellwing (Lair:5)
  6 polar bears
  3 hornets
  2 tyrant leeches
  12 blink frogs
  10 dream sheep
  A spriggan (Swamp:2)
  A centaur simulacrum (D:14)
  2 shadows
  A spriggan (shapeshifter) (D:14)
  2 slime creatures (D:15)
  5 wraiths (D:15)
  6 wyverns
  A steam dragon (D:9)
  3 basilisks
  45 yaks
  2 swamp worms (Swamp:1)
  Menkaure (D:5)
  A warg (Orc:2)
  An acid dragon (D:11)
  8 water moccasins
  7 hell hounds
  2 ice beasts (D:6)
  33 orc warriors
  7 ogres
  7 wolves
  A phantom (D:7)
  15 centaurs
  A kobold brigand (D:7)
  8 bullfrogs
  3 scorpions (D:15)
  3 wights (D:6)
  18 killer bees
  3 electric eels
  7 howler monkeys
  4 jellies
  3 hounds
  16 orc priests
  A gnoll bouda (D:7)
  Jessica (D:3)
  Terence (D:3)
  5 iguanas
  22 orc wizards
  11 hell rats
  Ijyb (D:3)
  16 river rats (D:7)
  9 adders
  17 gnolls
  A shadow imp (D:6)
  A white imp (D:7)
  An ufetubus (D:7)
  5 dart slugs
  59 orcs
  2 ball pythons (D:2)
  3 bats
  6 endoplasms
  3 giant cockroaches
  9 goblins
  4 hobgoblins
  7 jackals
  3 quokkas (D:2)
  5 frilled lizards
  21 kobolds
  8 rats
604 creatures vanquished.

Vanquished Creatures (collateral kills)
  3 elephants
  A blink frog (Lair:1)
  2 yaks (Lair:1)
  A swamp worm (Swamp:1)
  A killer bee (D:8)
8 creatures vanquished.

Vanquished Creatures (others)
  2 bloated husks
  A shadow (D:11)
3 creatures vanquished.

Grand Total: 615 creatures vanquished

Notes
Turn   | Place    | Note
-------+----------+-------------------------------------------
     0 | D:1      | thromnambular the Spriggan Earth Elementalist began the
                  | quest for the Orb.
     0 | D:1      | Reached XP level 1. HP: 9/9 MP: 5/5
    33 | D:1      | You fall into a shaft and drop 1 floor!
    43 | D:2      | Identified the +3 leather armour "Hullyirch" {Str+3}
   454 | D:1      | Reached XP level 2. HP: 13/13 MP: 5/7
  1057 | D:2      | Found a burning altar of Makhleb.
  1063 | D:2      | Became a worshipper of Makhleb the Destroyer
  1225 | D:2      | Reached XP level 3. HP: 16/16 MP: 0/9
  1228 | D:2      | Learned a level 2 spell: Passwall
  1232 | D:2      | Learned a level 3 spell: Stone Arrow
  1441 | D:2      | Reached skill level 3 in Dodging
  1535 | D:2      | Reached skill level 5 in Stealth
  1648 | D:2      | Reached XP level 4. HP: 15/21 MP: 7/10
  1860 | D:3      | Learned a level 4 spell: Petrify
  1905 | D:3      | Noticed Jessica
  1907 | D:3      | Noticed Ijyb
  1917 | D:3      | Killed Jessica
  1920 | D:3      | Reached * piety under Makhleb
  1932 | D:3      | Noticed Terence
  2322 | D:3      | Killed Terence
  2323 | D:3      | Reached XP level 5. HP: 24/24 MP: 7/11
  2425 | D:3      | Killed Ijyb
  2426 | D:3      | Reached skill level 4 in Dodging
  2426 | D:3      | Reached skill level 1 in Conjurations
  2683 | D:3      | Found a shadowy altar of Dithmenos.
  2864 | D:4      | Found a staircase to the Ecumenical Temple.
  2983 | D:4      | Found a runed translucent gate.
  2983 | D:4      | Found a runed translucent gate.
  2984 | D:4      | Noticed Fractals's ghost (amateur DrBr)
  2986 | D:4      | Found a runed translucent gate.
  3357 | D:5      | Entered Level 5 of the Dungeon
  3360 | D:5      | Reached XP level 6. HP: 28/28 MP: 11/13
  3607 | D:5      | Reached skill level 5 in Dodging
  3624 | D:5      | Found a hide-covered altar of Uskayaw.
  3647 | D:5      | Reached skill level 1 in Short Blades
  3941 | D:5      | Found a runed translucent door.
  3942 | D:5      | Noticed slitherrr's ghost (novice NaRe)
  4071 | D:5      | Found a runed translucent door.
  4095 | D:5      | Noticed Menkaure
  4105 | D:5      | Killed Menkaure
  4106 | D:5      | Reached skill level 5 in Spellcasting
  4106 | D:5      | Reached XP level 7. HP: 32/32 MP: 5/15
  4218 | D:5      | Reached skill level 6 in Dodging
  4928 | D:5      | Reached skill level 7 in Dodging
  5229 | D:6      | Reached XP level 8. HP: 36/36 MP: 13/18
  6154 | D:6      | Reached skill level 5 in Short Blades
  6154 | D:6      | Reached skill level 8 in Dodging
  6286 | D:6      | Reached ** piety under Makhleb
  6785 | D:7      | Found a shimmering altar of Xom.
  6801 | D:7      | Found a bloodstained altar of Trog.
  6814 | D:7      | Noticed Pikel
  6816 | D:7      | Reached skill level 5 in Transmutations
  7022 | D:7      | Killed Pikel
  7023 | D:7      | Reached skill level 1 in Fighting
  7023 | D:7      | Reached XP level 9. HP: 41/41 MP: 3/19
  7226 | D:7      | Reached skill level 9 in Dodging
  7792 | D:7      | Reached *** piety under Makhleb
  7880 | D:7      | Found the +2 ratskin cloak {*Rats rPois rN+ Str-1 Int-1
                  | Dex+1}
  8092 | D:8      | Noticed Joseph
  8214 | D:8      | Noticed Psyche
  8367 | D:8      | Found a blossoming altar of Fedhas.
  8374 | D:8      | Reached skill level 10 in Dodging
  8390 | D:7      | Reached skill level 10 in Stealth
  8501 | D:7      | Killed Psyche
  8830 | D:7      | Reached XP level 10. HP: 35/49 MP: 12/20
  8911 | D:8      | Killed Joseph
  9081 | D:8      | Found Biuritof's Weapon Shop.
  9081 | D:8      | Noticed a +0 demon whip
  9082 | D:8      | Noticed a +0 great mace
  9771 | D:9      | Found a basalt altar of Yredelemnul.
  9889 | D:9      | Noticed a tengu warrior
 10013 | D:8      | Reached skill level 11 in Dodging
 10096 | D:9      | Noticed a fire crab
 10244 | D:9      | Found a flagged portal.
 10264 | Bailey   | Entered a bailey
 10288 | Bailey   | Noticed an orc warlord
 10335 | Bailey   | Reached **** piety under Makhleb
 10394 | Bailey   | Found a runed translucent gate.
 10395 | Bailey   | Found a runed translucent gate.
 10396 | Bailey   | Found a runed translucent gate.
 10735 | Bailey   | Identified the +1 mace "thromnambular's Doom" {flame,
                  | rElec}
 10737 | Bailey   | Acquired 1093 gold pieces
 10822 | D:9      | Found a staircase to the Lair.
 10910 | Lair:1   | Entered Level 1 of the Lair of Beasts
 11164 | Lair:1   | Reached skill level 5 in Fighting
 11459 | Lair:1   | Noticed a black mamba
 11466 | Lair:1   | Killed a black mamba
 11467 | Lair:1   | Reached XP level 11. HP: 56/56 MP: 16/21
 11645 | Lair:1   | Reached skill level 12 in Dodging
 12505 | Lair:1   | Noticed an anaconda
 12507 | Lair:1   | Noticed a four-headed hydra
 12601 | Lair:1   | Noticed a fire crab
 12608 | Lair:1   | Killed a fire crab
 12838 | Lair:1   | Reached skill level 13 in Dodging
 12845 | Lair:1   | Noticed a dire elephant
 13018 | Lair:1   | Killed a four-headed hydra
 13249 | Lair:1   | Killed an anaconda
 13997 | Lair:2   | Found a staircase to the Swamp.
 13999 | Lair:2   | Reached XP level 12. HP: 63/63 MP: 25/25
 14035 | Lair:2   | Noticed a catoblepas
 14082 | Lair:2   | Reached skill level 14 in Dodging
 14180 | Lair:2   | Reached ***** piety under Makhleb
 14189 | Lair:2   | Learned a level 4 spell: Olgreb's Toxic Radiance
 14673 | Lair:2   | Reached skill level 1 in Poison Magic
 15169 | Lair:2   | Killed a catoblepas
 15256 | Lair:2   | Found a staircase to the Snake Pit.
 15915 | Lair:3   | Acquired a +1 vampiric quick blade
 16445 | Lair:3   | Noticed a death yak
 16484 | Lair:3   | Noticed a death yak
 16488 | Lair:3   | Noticed a death yak
 16494 | Lair:3   | Noticed a death yak
 16497 | Lair:3   | Noticed a death yak
 16564 | Lair:3   | Killed a death yak
 16565 | Lair:3   | Reached skill level 1 in Shields
 16569 | Lair:3   | Killed a death yak
 16577 | Lair:3   | Killed a death yak
 16640 | Lair:3   | Killed a death yak
 16680 | Lair:3   | Killed a death yak
 17344 | Lair:4   | Found a runed translucent door.
 17344 | Lair:4   | Found a viscous altar of Jiyva.
 17344 | Lair:4   | Found a staircase to the Slime Pits.
 17450 | Lair:4   | Reached skill level 5 in Shields
 17479 | Lair:4   | Reached XP level 13. HP: 54/68 MP: 5/27
 17959 | Lair:5   | Entered Level 5 of the Lair of Beasts
 17981 | Lair:5   | Reached skill level 10 in Spellcasting
 18196 | Lair:5   | Found a bloodstained altar of Trog.
 19630 | Lair:5   | Learned a level 2 spell: Blink
 19638 | Lair:5   | Learned a level 7 spell: Storm Form
 20196 | Lair:5   | Reached skill level 1 in Air Magic
 21244 | Lair:5   | Found a burning altar of Makhleb.
 21293 | Lair:5   | Found a gateway to Hell.
 22789 | D:10     | Entered Level 10 of the Dungeon
 22863 | D:10     | Noticed Gastronok
 22902 | D:10     | Killed Gastronok
 23537 | D:10     | Identified the +0 robe of Moral Flaws {Int+3 Dex+2}
 23871 | D:10     | Reached XP level 14. HP: 57/75 MP: 26/30
 24530 | D:11     | Noticed Amaemon
 24952 | D:11     | Identified the +7 mace of Annoyance {flame, Dex+2}
 25130 | D:11     | Killed Amaemon
 25540 | D:11     | Reached skill level 10 in Short Blades
 25637 | D:12     | Reached skill level 1 in Armour
 25705 | D:12     | Reached ****** piety under Makhleb
 25868 | D:12     | Noticed Azrael
 26007 | D:12     | Found a shadowy altar of Dithmenos.
 26136 | D:12     | Found a staircase to the Orcish Mines.
 26145 | Orc:1    | Entered Level 1 of the Orcish Mines
 26151 | Orc:1    | Found a radiant altar of Vehumet.
 26811 | Orc:2    | Entered Level 2 of the Orcish Mines
 27743 | Orc:2    | Found Fivveith's Jewellery Shoppe.
 27743 | Orc:2    | Found Faarimi's Armour Boutique.
 27745 | Orc:2    | Found Donoih's Jewellery Emporium.
 27747 | Orc:2    | Found Xutroska's Weapon Shop.
 27775 | Orc:2    | Bought the ring of Icat {rCorr Str+4} for 424 gold pieces
 28193 | Orc:2    | Found a staircase to the Elven Halls.
 29680 | D:13     | Found a flickering gateway to a bazaar.
 29689 | Bazaar   | Entered a bazaar
 29689 | Bazaar   | Found Amaonly's Jewellery Shoppe.
 29700 | Bazaar   | Found Ovvoafeo's Antique Weapon Shop.
 29717 | Bazaar   | Found Anagh's General Store.
 29740 | Bazaar   | Found Olla's Distillery.
 29747 | Bazaar   | Bought a potion of heal wounds for 50 gold pieces
 29747 | Bazaar   | Bought a potion of haste for 100 gold pieces
 29747 | Bazaar   | Bought a potion of curing for 30 gold pieces
 29747 | Bazaar   | Bought a potion of resistance for 100 gold pieces
 29767 | Bazaar   | Bought a book of Beasts for 266 gold pieces
 29780 | Bazaar   | Bought a ring of wizardry for 330 gold pieces
 29954 | D:13     | Reached skill level 5 in Earth Magic
 30299 | D:13     | Learned a level 5 spell: Agony
 30303 | D:13     | Learned a level 3 spell: Vampiric Draining
 30697 | D:14     | Reached skill level 1 in Necromancy
 31090 | D:14     | Found a snail-covered altar of Cheibriados.
 31531 | D:14     | Found a gate to the Vaults.
 31668 | D:15     | Entered Level 15 of the Dungeon
 31706 | D:15     | Found a staircase to the Depths.
 31706 | D:15     | Noticed a stone giant
 31810 | D:15     | Acquired a book of Iron
 31819 | D:15     | Learned a level 6 spell: Iron Shot
 31842 | D:15     | Killed a stone giant
 31875 | D:15     | Noticed Josephine
 31899 | D:15     | Killed Josephine
 32249 | D:15     | Noticed Louise
 32270 | D:15     | Killed Louise
 32646 | D:15     | Reached XP level 15. HP: 74/79 MP: 3/32
 34094 | Swamp:1  | Entered Level 1 of the Swamp
 34125 | Swamp:1  | Learned a level 6 spell: Statue Form
 34150 | Swamp:1  | Found the +9 staff of Olgreb {rPois∞}
 35054 | Swamp:2  | Reached skill level 1 in Invocations
 35068 | Swamp:2  | Killed from afar by an eleionoma

Illustrated notes

Levels and vault maps discovered:
D:1:      wheals_arrival_linesprint, layout_basic
D:2:      layout_basic, basic_altar
D:3:      layout_loops_ring, mainiacjoe_overflow_alcove_1,
          serial_bayou_crossing, uniq_jessica, uniq_ijyb, uniq_terence
D:4:      layout_rooms, minmay_temple_entry_gardened_gates,
          gammafunk_ghost_split
D:5:      layout_gridville, mainiacjoe_overflow_alcove_4, ebering_ghost_sewer_f,
          nrook_mini_backslash, uniq_menkaure
D:6:      layout_loops_ring, grunt_ministairs_12
D:7:      wander_guarded_unrand_ratskin, layout_basic,
          mainiacjoe_overflow_catwalk_spiral, st_stairs_10, interstate_on_off,
          uniq_pikel
D:8:      layout_rooms, fedhas_altar_2, serial_shops, nicolae_shop_mannequins,
          uniq_joseph, uniq_psyche
D:9:      layout_cave_pools, lemuel_doored_altar, lair_entry_dummy,
          enter_bailey_7, dreamdust_princess_corridor,
          minmay_fractal_squares_gapless_7
D:10:     layout_loops_corners, st_stairs_2, uniq_gastronok
D:11:     layout_irregular_city, uniq_amaemon
D:12:     layout_long_grid, orc_0_dummy, nicolae_dithmenos_shadow_blocks,
          uniq_azrael
D:13:     layout_basic, serial_shops, bzr_entry_dummy
D:14:     layout_long_grid, david_vaults_5, cheibriados_altar_1
D:15:     grunt_enter_depths_giant_problem, layout_loops_corners,
          solitary_fountain, einodemon_barbed_minivault, uniq_louise,
          uniq_josephine
Lair:1:   layout_regular_city, nicolae_lair_lakeside_cave
Lair:2:   layout_concentric_octagons, minmay_swamp_entry_worms,
          nicolae_snake_entry_warm_welcome, chequers_serial_rivers_micro_b,
          nicolae_quartered_pool_super, bh_autumn_forest_stairs,
          chequers_serial_rivers_micro_d, serial_bayou_ford_a
Lair:3:   layout_gridlike, infiniplex_staircase_pool
Lair:4:   layout_roguey, slime_entry_2
Lair:5:   evil_forest, layout_layer_cave, basic_altar,
          chequers_serial_rivers_micro_c, lemuel_fruit_tree
Swamp:1:  layout_basic_swamp, evilmike_swamp_ruin_house_4
Swamp:2:  layout_basic_swamp, serial_swamp_ruin, hangedman_swamp_ruin_wall,
          evilmike_swamp_ruin_house_2, evilmike_swamp_ruin_rubble_1, swamp_pool2
Orc:1:    layout_caves, basic_altar
Orc:2:    st_orc_rangers, layout_diamond_mine

Skill      XL: |  1  2  3  4  5  6  7  8  9 10 11 12 13 14 15 |
---------------+----------------------------------------------+-----
Spellcasting   | 3 4 5 6 8 9 11 12 | 12.1
Stealth        | 4 5 6 8 10 12 13 | 13.3
Dodging        | 3 4 5 7 8 10 11 13 14 | 14.8
Earth Magic    | 3 6 7 |  7.3
Conjurations   | 1 2 4 |  4.0
Transmutations | 2 3 5 6 7 9 |  9.7
Short Blades   | 2 4 6 7 8 9 10 | 10.7
Fighting       | 1 3 5 7 8 9 |  9.1
Poison Magic   | 3 |  3.1
Shields        | 5 7 8 |  8.0
Air Magic      | 3 |  3.3
Armour         | 1 |  1.0
Necromancy     | 1 |  1.1
Invocations    | 1 |  1.3

Action                     |  1- 3 |  4- 6 |  7- 9 | 10-12 | 13-15 || total
---------------------------+-------+-------+-------+-------+-------++-------
  Melee: Dagger            |    44 |    75 |   233 |   827 |       ||  1179
         Punch             |     1 |       |     5 |    25 |       ||    31
         Quick blade       |       |       |       |   293 |  2594 ||  2887
   Cast: Sandblast         |    37 |    26 |    16 |     3 |     2 ||    84
         Passwall          |     3 |     3 |    18 |    15 |     8 ||    47
         Stone Arrow       |       |    13 |    35 |    22 |    97 ||   167
         Petrify           |       |       |    21 |   104 |   254 ||   379
         Olgreb's Toxic Ra |       |       |       |     2 |    28 ||    30
         Blink             |       |       |       |       |     5 ||     5
         Statue Form       |       |       |       |       |     5 ||     5
         Vampiric Draining |       |       |       |       |     1 ||     1
Ability: End Transformatio |       |       |       |       |     1 ||     1
  Evoke: Wand              |       |     2 |     7 |    12 |    10 ||    31
         Phial of floods   |       |       |       |     2 |     2 ||     4
    Use: Scroll            |     3 |    11 |     7 |     9 |    18 ||    48
         Potion            |       |     1 |       |     7 |     7 ||    15
   Stab: Sleeping          |     5 |    10 |    19 |    20 |    38 ||    92
         Distracted        |       |     2 |     2 |     2 |     8 ||    14
         Petrified         |       |       |    11 |    20 |    67 ||    98
         Petrifying        |       |       |     4 |    37 |   130 ||   171
         Invisible         |       |       |       |    16 |     8 ||    24
 Armour: Robe              |     5 |     6 |    22 |    55 |   149 ||   237
         Skin              |       |       |       |       |    21 ||    21
  Dodge: Dodged            |    47 |    69 |   235 |   814 |  1019 ||  2184
  Block: Buckler           |       |       |       |       |   630 ||   630
         Reflection        |       |       |       |       |    53 ||    53
